Map: Gresvan LE

Players

NORTHAMERICA - Winner!

  • Race: Protoss Protoss
  • League: Grandmaster
  • Spawn Location: 11:00

llllllllllll

  • Race: Terran Terran
  • League: Grandmaster
  • Spawn Location: 5:00

VOD

Have the link to the VOD?

Description

Time

  • Played on: Feb. 3, 2023, 7:14 a.m.
  • Length: 12:49
Show
View Real Time Build Order
Export as new Build Order

NORTHAMERICA Protoss - Winner!

Build Orders: 1 Gate Expand, Zealot Archon, Colossus Rush, Dark Templar Rush 

Get SALT Encoding   

  12  0:00  Probe  
  13  0:12  Probe  
  14  0:17  Pylon  
  14  0:25  Probe  
  15  0:37  Gateway, Probe (Chrono Boost)  
  16  0:47  Assimilator, Probe (Chrono Boost)  
  17  0:52  Probe (Chrono Boost)  
  18  1:03  Probe  
  19  1:15  Probe  
  20  1:24  Nexus  
  20  1:34  Cybernetics Core  
  20  1:36  Probe  
  21  1:44  Assimilator  
  21  1:48  Probe  
  22  1:56  Pylon  
  22  2:00  Probe  
  23  2:11  Adept (Chrono Boost)  
  23  2:13  Warp Gate  
  23  2:14  Probe (Chrono Boost)  
  27  2:23  Pylon  
  27  2:24  Probe (Chrono Boost)  
  27  2:28  Probe (Chrono Boost)  
  27  2:34  Stalker  
  30  2:40  Probe x2 (Chrono Boost)  
  32  2:50  Twilight Council  
  32  2:52  Probe (Chrono Boost)  
  34  3:00  Probe (Chrono Boost)  
  34  3:01  Probe (Chrono Boost)  
  35  3:07  Probe (Chrono Boost)  
  35  3:11  Robotics Facility  
  35  3:12  Probe (Chrono Boost)  
  38  3:24  Probe (Chrono Boost)  
  38  3:25  Probe (Chrono Boost)  
  39  3:27  Dark Shrine  
  39  3:30  Probe (Chrono Boost)  
  39  3:32  Probe (Chrono Boost)  
  41  3:38  Probe  
  41  3:40  Gateway  
  42  3:43  Gateway  
  42  3:44  Probe  
  43  3:56  Pylon, Probe  
  43  3:57  Assimilator  
  43  4:00  Assimilator, Warp Prism (Chrono Boost)  
  45  4:04  Probe  
  45  4:08  Probe  
  47  4:12  Stalker  
  47  4:16  Probe  
  50  4:18  Pylon  
  50  4:20  Probe  
  51  4:25  Observer (Chrono Boost)  
  51  4:28  Probe  
  51  4:29  Pylon  
  53  4:44  Dark Templar x2  
  53  4:45  Dark Templar  
  59  4:47  Probe  
  60  4:55  Probe  
  60  4:57  Robotics Bay  
  60  4:59  Forge  
  59  5:02  Charge  
  57  5:16  Probe  
  57  5:19  Probe  
  59  5:24  Gateway x2  
  59  5:28  Sentry  
  59  5:29  Probe  
  59  5:34  Nexus  
  59  5:35  Pylon  
  60  5:40  Protoss Ground Weapons Level 1  
  60  5:42  Probe  
  61  5:43  Colossus (Chrono Boost), Extended Thermal Lance  
  61  5:44  Pylon  
  67  5:59  Shield Battery  
  67  6:03  Probe  
  68  6:07  Gateway  
  68  6:13  Probe  
  68  6:16  Probe  
  70  6:20  Shield Battery  
  70  6:21  Colossus (Chrono Boost)  
  70  6:25  Shield Battery, Probe  
  77  6:27  Pylon  
  77  6:28  Probe  
  77  6:29  Dark Templar  
  80  6:33  Sentry  
  80  6:34  Archon  
  80  6:37  Probe  
  83  6:40  Probe  
  83  6:42  Pylon, Zealot x2  
  83  6:46  Probe  
  89  6:49  Probe  
  90  6:57  Dark Templar x2  
  94  7:01  Archon  
  94  7:02  Pylon  
  94  7:03  Zealot x2  
  98  7:11  Zealot x2  
  98  7:12  Colossus  
  104  7:24  Zealot x2  
  102  7:31  Zealot x2  
  100  7:39  Zealot x2  
  100  7:41  Probe  
  100  7:42  Blink  
  100  7:43  Protoss Ground Weapons Level 2 (Chrono Boost)  
  99  7:48  Zealot x2  
  99  7:50  Probe  
  104  7:53  Forge  
  104  8:08  Zealot, Dark Templar x2  
  104  8:09  Zealot x3  
  104  8:11  Probe  
  117  8:15  Archon  
  117  8:17  Probe  
  118  8:21  Nexus  
  118  8:23  Pylon  
  115  8:32  Zealot x4  
  115  8:39  Colossus (Chrono Boost)  
  111  8:43  Zealot x2  
  111  8:44  Protoss Ground Armor Level 1 (Chrono Boost)  
  105  8:53  Zealot x4  
  111  8:58  Probe  
  111  9:02  Probe  
  97  9:04  Gateway x2  
  97  9:07  Probe  
  92  9:11  Probe  
  92  9:14  Probe  
  88  9:18  Dark Templar  
  88  9:19  Dark Templar x3  
  88  9:22  Gateway  
  88  9:23  Gateway  
  96  9:26  Archon  
  96  9:27  Archon, Zealot x2  
  100  9:32  Disruptor (Chrono Boost)  
  100  9:33  Assimilator  
  100  9:37  Assimilator  
  104  9:45  Probe  
  104  9:49  Stalker x2  
  106  9:54  Zealot x4  
  106  9:57  Protoss Ground Weapons Level 3 (Chrono Boost)  
  106  9:59  Probe  
  115  10:01  Probe  
  115  10:02  Pylon  
  115  10:05  Sentry  
  118  10:15  Zealot x2, Dark Templar  
  118  10:16  Zealot  
  118  10:17  Zealot x4  
  133  10:22  Probe  
  125  10:30  Zealot  
  125  10:31  Zealot  
  116  10:38  Stalker  
  116  10:39  Zealot x2, Stalker x2  
  116  10:40  Zealot x2  
  116  10:42  Probe  
  120  10:44  Probe  
  120  10:46  Probe  
  120  10:51  Probe  
  120  10:56  Disruptor (Chrono Boost)  
  118  10:58  Probe  
  118  11:01  Stalker  
  118  11:02  Stalker x3  
  125  11:12  Zealot x3  
  125  11:13  Zealot  
  125  11:15  Robotics Facility  
  133  11:23  Colossus (Chrono Boost)  
  129  11:27  Zealot x4  
  133  11:33  Shield Battery  
  133  11:38  Stalker x3  
  137  11:48  Zealot x5  
  147  12:00  Dark Templar x2, Disruptor  
  154  12:04  Archon  
  154  12:06  Stalker x2  
  158  12:18  Pylon  
  158  12:19  Pylon  
  156  12:24  Zealot x2  
  156  12:25  Zealot x2  
  156  12:29  Shield Battery  
  164  12:34  Pylon  
  167  12:40  Zealot x6  
Show
View Real Time Build Order
Export as new Build Order

llllllllllll Terran 

Build Orders: Reaper Expand 

Get SALT Encoding   

  12  0:00  SCV  
  13  0:12  SCV  
  14  0:17  Supply Depot  
  14  0:24  SCV  
  15  0:38  SCV  
  15  0:40  Barracks  
  16  0:42  Refinery  
  16  0:51  SCV  
  17  1:03  SCV  
  18  1:15  SCV  
  19  1:27  Orbital Command, Reaper  
  20  1:41  Command Center  
  20  1:51  Supply Depot  
  20  1:53  SCV  
  21  1:58  Marine  
  22  2:05  SCV  
  22  2:07  Factory  
  23  2:16  Refinery  
  23  2:17  SCV  
  23  2:20  Barracks Reactor  
  24  2:24  Bunker  
  24  2:29  SCV  
  25  2:41  SCV  
  26  2:53  SCV  
  26  2:57  Widow Mine, Starport  
  29  2:59  Orbital Command  
  29  3:05  Marine x2, SCV  
  32  3:17  SCV  
  32  3:19  Factory Tech Lab  
  33  3:21  Barracks  
  33  3:23  Marine  
  33  3:24  SCV  
  35  3:29  SCV  
  35  3:31  Supply Depot  
  36  3:36  SCV  
  36  3:40  Raven  
  39  3:41  SCV  
  39  3:46  Factory Tech Lab  
  39  3:47  Barracks  
  39  3:48  SCV  
  41  3:54  SCV  
  41  3:55  Marine x2  
  43  4:00  SCV  
  44  4:05  Siege Tank  
  44  4:06  SCV  
  48  4:11  Supply Depot  
  48  4:12  SCV  
  48  4:14  Marine x2  
  51  4:18  SCV  
  51  4:19  Marine, Stimpack  
  51  4:21  Starport Tech Lab  
  51  4:24  Engineering Bay, SCV  
  53  4:28  Refinery  
  54  4:31  Supply Depot  
  54  4:33  SCV  
  54  4:34  Marine  
  54  4:35  Marine  
  54  4:36  SCV  
  58  4:40  Siege Tank  
  58  4:45  SCV  
  62  4:53  Marine, SCV  
  62  4:55  Starport Reactor  
  62  4:56  Marine x2  
  62  4:57  SCV  
  66  5:03  Supply Depot  
  66  5:05  Terran Infantry Weapons Level 1, SCV  
  67  5:08  Refinery  
  67  5:09  SCV  
  67  5:10  Supply Depot  
  65  5:16  Marine, Marauder x2  
  65  5:17  Marine  
  65  5:19  SCV  
  70  5:21  SCV  
  69  5:31  SCV  
  69  5:33  SCV  
  71  5:36  Missile Turret  
  71  5:41  Marauder x2  
  75  5:42  Marine  
  75  5:43  Marine  
  75  5:45  SCV  
  78  5:56  SCV  
  79  6:00  Marine x2  
  79  6:01  Siege Tank  
  79  6:02  Combat Shield  
  84  6:06  Concussive Shells  
  84  6:09  Missile Turret  
  84  6:10  SCV x2  
  86  6:15  Supply Depot  
  86  6:16  Marauder  
  88  6:19  Marauder  
  88  6:20  Marine  
  88  6:25  Medivac  
  93  6:29  Supply Depot  
  93  6:37  Medivac  
  95  6:40  Supply Depot  
  95  6:42  SCV x2  
  95  6:46  Factory Reactor  
  97  6:52  Marine x2, Marauder x2  
  103  6:59  Terran Infantry Armor Level 1, Supply Depot  
  103  7:02  Supply Depot  
  103  7:10  Marine x2, Medivac x2  
  103  7:14  Marauder  
  105  7:26  Marauder  
  101  7:34  Marine  
  101  7:35  Marauder  
  90  7:38  Marine  
  90  7:40  Medivac x2  
  90  7:43  SCV  
  83  7:47  Marauder  
  83  7:50  Widow Mine x2  
  89  7:51  Marine, Barracks  
  89  7:52  Barracks  
  89  7:55  Marine  
  89  7:56  SCV x2  
  93  8:04  Marauder  
  95  8:10  Supply Depot  
  95  8:16  Marine x2  
  95  8:17  Viking x2  
  101  8:20  Siege Tank  
  101  8:23  Marine  
  101  8:25  Marauder  
  93  8:39  Marauder  
  91  8:46  Marauder  
  91  8:47  Viking  
  77  8:51  Viking  
  77  8:55  Marine x3  
  66  8:57  Marine  
  66  9:02  SCV x2  
  70  9:08  Marauder  
  70  9:13  Marine x2  
  70  9:14  SCV x2  
  70  9:17  Marine x3  
  74  9:18  Siege Tank  
  78  9:25  Marauder  
  78  9:26  SCV  
  78  9:29  Marine  
  82  9:32  SCV  
  82  9:38  SCV  
  84  9:42  Marine x2  
  84  9:44  SCV  
  87  9:47  Marauder x2  
  91  9:55  Siege Tank  
  91  9:59  Liberator  
  97  10:01  Liberator  
  100  10:07  Supply Depot  
  100  10:08  SCV  
  100  10:09  SCV  
  102  10:26  Marine x2  
  102  10:28  Marine  
  102  10:29  Marauder x2  
  102  10:33  Marine x2  
  96  10:41  SCV  
  94  10:43  Liberator  
  94  10:44  Marine x2  
  94  10:48  SCV  
  96  10:50  Marauder x2  
  96  10:53  SCV  
  96  10:56  Marine x3  
  104  11:01  Supply Depot  
  104  11:03  Marine x2  
  106  11:11  Marine  
  106  11:12  Marauder  
  106  11:14  Marine x3  
  112  11:20  Marine  
  112  11:21  Marine, Supply Depot  
  112  11:24  Supply Depot  
  113  11:28  Liberator  
  113  11:29  Marine  
  113  11:32  Marine x3  
  120  11:33  Marine  
  121  11:42  Marine, SCV  
  121  11:43  SCV  
  121  11:44  Supply Depot  
  124  11:51  Liberator  
  127  11:59  Siege Tank, Marine  
  131  12:07  Marine x2  
  134  12:11  Marine  
Tags
 
Add a new tag
Caveats
  • Supply blocks, unpowered buildings, or Contaminate may cause inaccurate times.
  • Supply counts are checked every 10 seconds.